Aeros vs Wolves

Created - Tuesday, October 14, 2014 at 23:16

Goals
1 2 3 T
Aeros 0 0 1 1
Wolves 1 0 2 3
Shots
1 2 3 T
Aeros 8 4 12 24
Wolves 5 10 13 28

1st period

1. Wolves , Nicklas Jensen 4 (Cedric Paquette, Peter Mannino) at 18:40

Penalties :
Chris Terry (CHI) for Hooking (Minor) at 2:59

2nd period

No Goal

Penalties :
Andrew Gordon (HOU) for Roughing (Minor) at 0:24, Colin Stuart (HOU) for Roughing (Minor) at 10:50, Aaron Volpatti (CHI) for Holding (Minor) at 13:42

3rd period

2. Wolves , Jared Boll 2 (Nicklas Jensen, Mark Pysyk) at 3:47
3. Aeros , Cam Janssen 8 (Mike Ullrich, Patrick Wey) at 11:30
4. Wolves , Mark Pysyk 3 (Jordan Schroeder) at 17:36

Penalties :
Colin Stuart (HOU) for Slashing (Minor) at 5:31, Patrick Wey (HOU) for Holding (Minor) at 13:06

Goalie Stats

Jason LaBarbera (HOU), 25 saves from 28 shots - (0.893), L, 2-2-1, 60:00 minutes
Peter Mannino (CHI), 23 saves from 24 shots - (0.958), W, 5-0-0, 60:00 minutes

Players Stats for Aeros

Player Name              G  A  P  +/- PIM S  H  SB GA TA FO     MP     PP MP  PK MP  
------------------------------------------------------------------------------------
Andrew Gordon            0  0  0   0  2   3  1  0  1  0  4/5    21:37   1:54   3:30 
Bretton Stamler          0  0  0  -1  0   1  1  0  0  0  0/0    14:05   0:00   1:00 
Brodie Dupont            0  0  0  -1  0   0  0  0  0  0  1/6    17:13   2:04   0:00 
Cam Janssen              1  0  1   0  0   7  2  2  2  1  0/0    17:58   2:04   0:00 
Colin Stuart             0  0  0  -1  4   1  2  0  2  0  0/0    14:08   0:00   0:23 
Craig Cunningham         0  0  0  -1  0   0  0  1  1  0  0/1    18:44   2:04   1:11 
Danny Hobbs              0  0  0  -1  0   1  1  1  1  0  1/2     5:21   0:00   0:58 
Ilari Melart             0  0  0  -1  0   0  0  0  0  1  0/0    13:05   0:00   0:00 
Jason Zucker             0  0  0   0  0   2  0  1  5  0  0/1    19:32   1:20   5:35 
Joel Chouinard           0  0  0  -1  0   2  3  2  0  2  0/0    21:27   1:13   4:47 
Jon Landry               0  0  0   0  0   1  2  3  0  1  0/0    19:19   2:45   3:09 
Matthew Pistilli         0  0  0  -2  0   3  1  1  1  0  1/2    15:19   0:34   0:00 
Mike Matczak             0  0  0   0  0   0  0  0  0  0  0/0     6:08   0:00   0:00 
Mike Ullrich             0  1  1   0  0   0  1  1  1  4  2/10   18:06   0:00   3:05 
Patrick Wey              0  1  1  -1  2   1  1  1  0  2  0/0    20:28   1:13   3:47 
Scott Campbell           0  0  0   0  0   0  1  1  0  0  0/0    11:21   0:00   1:10 
Shane O'Brien            0  0  0   0  0   2  2  1  0  1  0/0    25:27   2:45   3:09 
Warren Peters            0  0  0   0  0   0  2  1  0  0  6/10   12:37   1:54   0:00 

Players Stats for Wolves

Player Name              G  A  P  +/- PIM S  H  SB GA TA FO     MP     PP MP  PK MP  
------------------------------------------------------------------------------------
Aaron Volpatti           0  0  0   0  2   1  2  0  3  0  0/1    14:58   0:44   0:00 
Ben Hanowski             0  0  0   0  0   3  1  1  1  0  0/0     9:09   0:00   0:00 
Cedric Paquette          0  1  1   1  0   0  1  0  0  0  1/2    18:12   2:55   0:18 
Chris Terry              0  0  0   1  2   0  2  0  1  1  3/4    22:45   4:17   0:47 
Corbin McPherson         0  0  0   1  0   1  0  0  0  1  0/0    19:36   3:23   1:40 
Dane Byers               0  0  0   0  0   0  0  0  0  0  0/0     9:09   0:00   0:00 
Daniel Carcillo          0  0  0   1  0   1  1  1  1  0  0/1    19:13   4:37   2:50 
Jared Boll               1  0  1   1  0   2  4  0  1  0  1/1    17:54   3:19   0:50 
Jordan Schroeder         0  1  1   1  0   1  0  1  5  1  8/16   16:51   4:37   0:50 
Josh Brittain            0  0  0   0  0   0  1  0  0  0  0/0     1:06   0:00   0:18 
Kent Huskins             0  0  0   2  0   2  1  2  0  0  0/0    25:21   4:33   2:18 
Landon Ferraro           0  0  0   0  0   1  0  0  0  0  8/11   15:39   0:00   2:03 
Mark Pysyk               1  1  2   2  0   7  2  0  0  2  0/0    25:21   4:33   2:18 
Michael Caruso           0  0  0  -1  0   0  0  0  0  1  0/0    15:02   0:00   0:00 
Nicklas Jensen           1  1  2   1  0   3  0  1  3  0  0/0    17:04   3:19   0:00 
Scott Glennie            0  0  0   0  0   2  1  0  2  1  1/1    13:57   0:00   0:00 
Yann Sauve               0  0  0  -1  0   0  1  0  0  0  0/0    15:02   0:00   0:00 
Yannick Weber            0  0  0   1  0   4  0  3  1  1  0/0    19:36   3:23   1:40 

3 Stars

1 - Mark Pysyk (CHI)
2 - Nicklas Jensen (CHI)
3 - Jared Boll (CHI)

Power Play

Aeros - 0 on 2 Attempt(s) - 0.00%
Wolves - 0 on 4 Attempt(s) - 0.00%

Penalty Kill

Aeros - 4 on 4 Attempt(s) - 100.00% - Score 0 goal in Penalty Kill
Wolves - 2 on 2 Attempt(s) - 100.00% - Score 0 goal in Penalty Kill

Official

Referees : Unknown
Linesman : Unknown

Game Notes

Danny Hobbs is injured at 2:34 of 2nd period (Lower Body)

Finance

Level 1 -- Attendance: 1529 (76.45%) -- Ticket Income $53,515
Level 2 -- Attendance: 741 (74.10%) -- Ticket Income $11,115
Total Attendance: 2270 (75.67%)
Total Ticket Income: $64,630
Other Income: $31,669
Total Income: $96,299

Aeros

5 vs 5 Forward 
   Center                   Left Wing                Right Wing               Time % Phy DF OF 
 1 Warren Peters            Jason Zucker             Andrew Gordon            35     1   2  2  
 2 Brodie Dupont            Craig Cunningham         Cam Janssen              30     1   2  2  
 3 Mike Ullrich             Colin Stuart             Matthew Pistilli         22     1   2  2  
 4 Danny Hobbs              Scott Campbell           Andrew Gordon            13     1   2  2  

5 vs 5 Defense 
   Defense                  Defense                                           Time % Phy DF OF 
 1 Shane O'Brien            Jon Landry                                        35     1   2  2  
 2 Joel Chouinard           Patrick Wey                                       30     1   2  2  
 3 Ilari Melart             Bretton Stamler                                   22     1   2  2  
 4 Mike Matczak             Shane O'Brien                                     13     1   2  2  

PowerPlay Forward 
   Center                   Left Wing                Right Wing               Time % Phy DF OF 
 1 Warren Peters            Jason Zucker             Andrew Gordon            60     1   2  2  
 2 Brodie Dupont            Craig Cunningham         Cam Janssen              40     1   2  2  

PowerPlay Defense
   Defense                  Defense                                           Time % Phy DF OF 
 1 Shane O'Brien            Jon Landry                                        60     1   2  2  
 2 Joel Chouinard           Patrick Wey                                       40     1   2  2  

Penalty Kill 4 Players Forward 
   Center                   Wing                     Time % Phy DF OF 
 1 Andrew Gordon            Jason Zucker             60     1   2  2  
 2 Craig Cunningham         Colin Stuart             40     1   2  2  

Penalty Kill 4 Players Defense
   Defense                  Defense                  Time % Phy DF OF 
 1 Shane O'Brien            Jon Landry               60     1   2  2  
 2 Joel Chouinard           Patrick Wey              40     1   2  2  

Penalty Kill - 3 Players Forward 
   Forward                                           Time % Phy DF OF 
 1 Andrew Gordon                                     60     1   2  2  
 2 Jason Zucker                                      40     1   2  2  

Penalty Kill - 3 Players Defense
   Defense                  Defense                  Time % Phy DF OF 
 1 Shane O'Brien            Jon Landry               60     1   2  2  
 2 Joel Chouinard           Patrick Wey              40     1   2  2  

4 vs 4 Forward 
   Center                   Wing                     Time % Phy DF OF 
 1 Andrew Gordon            Jason Zucker             60     1   2  2  
 2 Craig Cunningham         Colin Stuart             40     1   2  2  

4 vs 4 Defense
   Defense                  Defense                  Time % Phy DF OF 
 1 Shane O'Brien            Jon Landry               60     1   2  2  
 2 Joel Chouinard           Patrick Wey              40     1   2  2  

Last Minutes Offensive
   Center                   Left Wing                Right Wing               Defense                  Defense                  
   Warren Peters            Jason Zucker             Andrew Gordon            Shane O'Brien            Jon Landry               

Last Minutes Defensive
   Center                   Left Wing                Right Wing               Defense                  Defense                  
   Warren Peters            Jason Zucker             Andrew Gordon            Shane O'Brien            Jon Landry               

Goaltenders
Starting : Jason LaBarbera          
Backup : David Leggio             

Extra Forwards
Normal : Matthew Pistilli, Scott Campbell, Mike Ullrich - PP : Matthew Pistilli, Scott Campbell - PK : Mike Ullrich
Extra Defensemen
Normal : Ilari Melart, Bretton Stamler, Mike Matczak - PP : Ilari Melart - PK : Bretton Stamler, Mike Matczak
Penalty Shots
Andrew Gordon, Jason Zucker, Craig Cunningham, Colin Stuart, Warren Peters

Wolves

5 vs 5 Forward 
   Center                   Left Wing                Right Wing               Time % Phy DF OF 
 1 Jordan Schroeder         Chris Terry              Daniel Carcillo          35     1   2  2  
 2 Cedric Paquette          Nicklas Jensen           Jared Boll               30     1   2  2  
 3 Landon Ferraro           Aaron Volpatti           Scott Glennie            22     1   2  2  
 4 Chris Terry              Dane Byers               Ben Hanowski             13     1   2  2  

5 vs 5 Defense 
   Defense                  Defense                                           Time % Phy DF OF 
 1 Mark Pysyk               Kent Huskins                                      35     1   2  2  
 2 Yannick Weber            Corbin McPherson                                  30     1   2  2  
 3 Yann Sauve               Michael Caruso                                    22     1   2  2  
 4 Mark Pysyk               Kent Huskins                                      13     1   2  2  

PowerPlay Forward 
   Center                   Left Wing                Right Wing               Time % Phy DF OF 
 1 Jordan Schroeder         Chris Terry              Daniel Carcillo          60     1   2  2  
 2 Cedric Paquette          Nicklas Jensen           Jared Boll               40     1   2  2  

PowerPlay Defense
   Defense                  Defense                                           Time % Phy DF OF 
 1 Mark Pysyk               Kent Huskins                                      60     1   2  2  
 2 Yannick Weber            Corbin McPherson                                  40     1   2  2  

Penalty Kill 4 Players Forward 
   Center                   Wing                     Time % Phy DF OF 
 1 Chris Terry              Daniel Carcillo          60     1   2  2  
 2 Jared Boll               Jordan Schroeder         40     1   2  2  

Penalty Kill 4 Players Defense
   Defense                  Defense                  Time % Phy DF OF 
 1 Mark Pysyk               Kent Huskins             60     1   2  2  
 2 Yannick Weber            Corbin McPherson         40     1   2  2  

Penalty Kill - 3 Players Forward 
   Forward                                           Time % Phy DF OF 
 1 Chris Terry                                       60     1   2  2  
 2 Daniel Carcillo                                   40     1   2  2  

Penalty Kill - 3 Players Defense
   Defense                  Defense                  Time % Phy DF OF 
 1 Mark Pysyk               Kent Huskins             60     1   2  2  
 2 Yannick Weber            Corbin McPherson         40     1   2  2  

4 vs 4 Forward 
   Center                   Wing                     Time % Phy DF OF 
 1 Chris Terry              Daniel Carcillo          60     1   2  2  
 2 Jared Boll               Jordan Schroeder         40     1   2  2  

4 vs 4 Defense
   Defense                  Defense                  Time % Phy DF OF 
 1 Mark Pysyk               Kent Huskins             60     1   2  2  
 2 Yannick Weber            Corbin McPherson         40     1   2  2  

Last Minutes Offensive
   Center                   Left Wing                Right Wing               Defense                  Defense                  
   Jordan Schroeder         Chris Terry              Daniel Carcillo          Mark Pysyk               Kent Huskins             

Last Minutes Defensive
   Center                   Left Wing                Right Wing               Defense                  Defense                  
   Jordan Schroeder         Chris Terry              Daniel Carcillo          Mark Pysyk               Kent Huskins             

Goaltenders
Starting : Peter Mannino            
Backup : Scott Wedgewood          

Extra Forwards
Normal : Aaron Volpatti, Scott Glennie, Landon Ferraro - PP : Aaron Volpatti, Scott Glennie - PK : Landon Ferraro
Extra Defensemen
Normal : Yann Sauve, Michael Caruso, Yannick Weber - PP : Yann Sauve - PK : Michael Caruso, Yannick Weber
Penalty Shots
Chris Terry, Daniel Carcillo, Jared Boll, Jordan Schroeder, Nicklas Jensen

% Time on Ice - Aeros

Lines # - Real PCT - Wanted PCT - Time Play
Normal Forward
1 - 27% - 35% - 13:01
2 - 30% - 30% - 14:24
3 - 25% - 22% - 12:08
4 - 18% - 13% - 8:33
Normal Defense
1 - 28% - 35% - 13:25
2 - 32% - 30% - 15:28
3 - 27% - 22% - 13:05
4 - 13% - 13% - 6:08
PP Forward
1 - 48% - 60% - 1:54
2 - 52% - 40% - 2:04
PP Defense
1 - 69% - 60% - 2:45
2 - 31% - 40% - 1:13
PK Forward
1 - 85% - 60% - 6:45
2 - 15% - 40% - 1:11
PK Defense
1 - 40% - 60% - 3:09
2 - 60% - 40% - 4:47
PK3 Forward
1 - 0% - 60%
2 - 0% - 40%
PK3 Defense
1 - 0% - 60%
2 - 0% - 40%
44 Forward
1 - 0% - 60%
2 - 0% - 40%
44 Defense
1 - 0% - 60%
2 - 0% - 40%
Last Minute Offensive  - 0:00
Last Minute Defensive  - 0:00
Total
Forward - 60:00
Defense - 60:00

% Time on Ice - Wolves

Lines # - Real PCT - Wanted PCT - Time Play
Normal Forward
1 - 24% - 35% - 11:46
2 - 29% - 30% - 13:46
3 - 28% - 22% - 13:25
4 - 19% - 13% - 9:09
Normal Defense
1 - 33% - 35% - 15:38
2 - 30% - 30% - 14:33
3 - 31% - 22% - 15:03
4 - 6% - 13% - 2:52
PP Forward
1 - 58% - 60% - 4:37
2 - 42% - 40% - 3:19
PP Defense
1 - 57% - 60% - 4:33
2 - 43% - 40% - 3:23
PK Forward
1 - 79% - 60% - 3:08
2 - 21% - 40% - 0:50
PK Defense
1 - 58% - 60% - 2:18
2 - 42% - 40% - 1:40
PK3 Forward
1 - 0% - 60%
2 - 0% - 40%
PK3 Defense
1 - 0% - 60%
2 - 0% - 40%
44 Forward
1 - 0% - 60%
2 - 0% - 40%
44 Defense
1 - 0% - 60%
2 - 0% - 40%
Last Minute Offensive  - 0:00
Last Minute Defensive  - 0:00
Total
Forward - 60:00
Defense - 60:00

Play by Play

1st period


0:01 of 1st period - Jordan Schroeder wins face-off versus Warren Peters in neutral zone.
1:09 of 1st period - Wrist shot by Cam Janssen.
1:09 of 1st period - Shot Blocked by Nicklas Jensen.
2:35 of 1st period - Slapshot by Shane O'Brien.
2:35 of 1st period - Shot Misses the Net.
2:51 of 1st period - Snap shot by Andrew Gordon.
2:51 of 1st period - Stopped by Peter Mannino with a rebound.
2:53 of 1st period - Snap shot by Danny Hobbs.
2:53 of 1st period - Stopped by Peter Mannino with a rebound.
2:59 of 1st period - Minor Penalty to Chris Terry for Hooking.
3:00 of 1st period - Brodie Dupont wins face-off versus Daniel Carcillo in Wolves zone.
3:49 of 1st period - Wrist shot by Jason Zucker.
3:49 of 1st period - Stopped by Peter Mannino with a rebound.
3:51 of 1st period - Slapshot by Joel Chouinard.
3:51 of 1st period - Stopped by Peter Mannino with a rebound.
4:47 of 1st period - Slapshot by Shane O'Brien.
4:47 of 1st period - Shot Misses the Net.
4:49 of 1st period - Slapshot by Jon Landry.
4:49 of 1st period - Shot Misses the Net.
4:59 of 1st period - Penalty to Chris Terry is over, Chris Terry is back on ice.
5:06 of 1st period - Jason Zucker is hit by Cedric Paquette.
5:56 of 1st period - Backhand shot by Jared Boll.
5:56 of 1st period - Shot Misses the Net.
8:13 of 1st period - Ben Hanowski is hit by Scott Campbell and loses puck.
8:45 of 1st period - Slapshot by Yannick Weber.
8:45 of 1st period - Deflect By Aaron Volpatti.
8:45 of 1st period - Shot Misses the Net.
8:45 of 1st period - Puck is out of play.
8:46 of 1st period - Landon Ferraro wins face-off versus Mike Ullrich in Aeros zone.
9:26 of 1st period - Nicklas Jensen is hit by Jon Landry and loses puck.
9:56 of 1st period - Andrew Gordon is hit by Chris Terry and loses puck.
10:51 of 1st period - Slapshot by Cam Janssen.
10:51 of 1st period - Shot Blocked by Kent Huskins.
11:09 of 1st period - Slapshot by Shane O'Brien.
11:09 of 1st period - Shot Misses the Net.
11:11 of 1st period - Slapshot by Jon Landry.
11:11 of 1st period - Stopped by Peter Mannino with a rebound.
11:45 of 1st period - Snap shot by Aaron Volpatti.
11:45 of 1st period - Deflect By Ben Hanowski.
11:45 of 1st period - Shot Blocked by Joel Chouinard.
11:45 of 1st period - Puck is out of play.
11:46 of 1st period - Warren Peters wins face-off versus Aaron Volpatti in Aeros zone.
12:01 of 1st period - Wrist shot by Ben Hanowski.
12:01 of 1st period - Shot Blocked by Warren Peters.
12:11 of 1st period - Snap shot by Ben Hanowski.
12:11 of 1st period - Stopped by Jason LaBarbera with a rebound.
12:27 of 1st period - Snap shot by Cam Janssen.
12:27 of 1st period - Shot Misses the Net.
12:29 of 1st period - Snap shot by Craig Cunningham.
12:29 of 1st period - Shot Misses the Net.
12:37 of 1st period - Snap shot by Craig Cunningham.
12:37 of 1st period - Shot Misses the Net.
13:23 of 1st period - Slapshot by Shane O'Brien.
13:23 of 1st period - Deflect By Cam Janssen.
13:23 of 1st period - Stopped by Peter Mannino with a rebound.
14:13 of 1st period - Snap shot by Andrew Gordon.
14:13 of 1st period - Shot Blocked by Kent Huskins.
14:58 of 1st period - Slapshot by Shane O'Brien.
14:58 of 1st period - Stopped by Peter Mannino with a rebound.
15:21 of 1st period - Snap shot by Mark Pysyk.
15:21 of 1st period - Stopped by Jason LaBarbera with a rebound.
16:04 of 1st period - Danny Hobbs is hit by Josh Brittain and loses puck.
16:27 of 1st period - Wrist shot by Ben Hanowski.
16:27 of 1st period - Deflect By Chris Terry.
16:27 of 1st period - Shot Blocked by Scott Campbell.
16:27 of 1st period - Puck is out of play.
16:28 of 1st period - Chris Terry wins face-off versus Mike Ullrich in Aeros zone.
17:24 of 1st period - Aaron Volpatti is hit by Cam Janssen and loses puck.
17:56 of 1st period - Slapshot by Mark Pysyk.
17:56 of 1st period - Stopped by Jason LaBarbera with a rebound.
17:58 of 1st period - Slapshot by Kent Huskins.
17:58 of 1st period - Deflect By Ben Hanowski.
17:58 of 1st period - Stopped by Jason LaBarbera with a rebound.
18:40 of 1st period - Snap shot by Nicklas Jensen.
18:40 of 1st period - Goal by Nicklas Jensen - Aeros : 0 - Wolves : 1.
18:41 of 1st period - Danny Hobbs wins face-off versus Landon Ferraro in neutral zone.
18:44 of 1st period - Wrist shot by Shane O'Brien.
18:44 of 1st period - Stopped by Peter Mannino without a rebound.
18:45 of 1st period - Landon Ferraro wins face-off versus Danny Hobbs in Wolves zone.
18:45 of 1st period - Landon Ferraro is hit by Danny Hobbs.
19:43 of 1st period - Wrist shot by Craig Cunningham.
19:43 of 1st period - Shot Misses the Net.
19:49 of 1st period - Patrick Wey is hit by Kent Huskins and loses puck.
Goals for this period are 0 for Aeros vs 1 for Wolves.
Shots for this period are 8 for Aeros vs 5 for Wolves.

2nd period


0:01 of 2nd period - Jordan Schroeder wins face-off versus Warren Peters in neutral zone.
0:04 of 2nd period - Slapshot by Mark Pysyk.
0:04 of 2nd period - Deflect By Andrew Gordon.
0:04 of 2nd period - Stopped by Jason LaBarbera without a rebound.
0:05 of 2nd period - Warren Peters wins face-off versus Jordan Schroeder in Aeros zone.
0:24 of 2nd period - Minor Penalty to Andrew Gordon for Roughing.
0:25 of 2nd period - Mike Ullrich wins face-off versus Chris Terry in Aeros zone.
0:37 of 2nd period - Slapshot by Jordan Schroeder.
0:37 of 2nd period - Shot Blocked by Jason Zucker.
0:39 of 2nd period - Slapshot by Kent Huskins.
0:39 of 2nd period - Shot Blocked by Jon Landry.
0:41 of 2nd period - Slapshot by Mark Pysyk.
0:41 of 2nd period - Shot Misses the Net.
0:43 of 2nd period - Wrist shot by Daniel Carcillo.
0:43 of 2nd period - Stopped by Jason LaBarbera without a rebound.
0:44 of 2nd period - Jordan Schroeder wins face-off versus Mike Ullrich in Aeros zone.
1:22 of 2nd period - Slapshot by Mark Pysyk.
1:22 of 2nd period - Shot Blocked by Mike Ullrich.
1:41 of 2nd period - Joel Chouinard is hit by Jared Boll and loses puck.
2:24 of 2nd period - Penalty to Andrew Gordon is over, Andrew Gordon is back on ice.
2:26 of 2nd period - Snap shot by Nicklas Jensen.
2:26 of 2nd period - Stopped by Jason LaBarbera with a rebound.
2:28 of 2nd period - Slapshot by Nicklas Jensen.
2:28 of 2nd period - Stopped by Jason LaBarbera with a rebound.
2:30 of 2nd period - Slapshot by Yannick Weber.
2:30 of 2nd period - Stopped by Jason LaBarbera with a rebound.
2:32 of 2nd period - Slapshot by Jared Boll.
2:32 of 2nd period - Stopped by Jason LaBarbera with a rebound.
2:34 of 2nd period - Wrist shot by Yann Sauve.
2:34 of 2nd period - Shot Blocked by Danny Hobbs.
2:34 of 2nd period - Danny Hobbs from Aeros is injured at 2:34 of 2nd period (Lower Body).
2:35 of 2nd period - Jordan Schroeder wins face-off versus Warren Peters in Aeros zone.
2:44 of 2nd period - Kent Huskins is hit by Warren Peters and loses puck.
3:30 of 2nd period - Jordan Schroeder is hit by Shane O'Brien.
4:25 of 2nd period - Jordan Schroeder is hit by Joel Chouinard and loses puck.
4:46 of 2nd period - Yannick Weber is hit by Bretton Stamler and loses puck.
4:53 of 2nd period - Slapshot by Corbin McPherson.
4:53 of 2nd period - Deflect By Jared Boll.
4:53 of 2nd period - Shot Misses the Net.
4:53 of 2nd period - Puck is out of play.
4:54 of 2nd period - Cedric Paquette wins face-off versus Mike Ullrich in Aeros zone.
5:01 of 2nd period - Shane O'Brien is hit by Jared Boll and loses puck.
5:39 of 2nd period - Snap shot by Landon Ferraro.
5:39 of 2nd period - Stopped by Jason LaBarbera with a rebound.
5:41 of 2nd period - Slapshot by Yann Sauve.
5:41 of 2nd period - Shot Misses the Net.
6:05 of 2nd period - Warren Peters is hit by Yann Sauve and loses puck.
7:30 of 2nd period - Snap shot by Jason Zucker.
7:30 of 2nd period - Shot Misses the Net.
7:42 of 2nd period - Snap shot by Andrew Gordon.
7:42 of 2nd period - Deflect By Jason Zucker.
7:42 of 2nd period - Shot Misses the Net.
7:42 of 2nd period - Puck is out of play.
7:43 of 2nd period - Warren Peters wins face-off versus Cedric Paquette in Wolves zone.
8:50 of 2nd period - Cam Janssen is hit by Jared Boll.
9:20 of 2nd period - Snap shot by Colin Stuart.
9:20 of 2nd period - Shot Blocked by Ben Hanowski.
10:20 of 2nd period - Mark Pysyk is hit by Jon Landry and loses puck.
10:50 of 2nd period - Minor Penalty to Colin Stuart for Roughing.
10:51 of 2nd period - Jordan Schroeder wins face-off versus Andrew Gordon in Aeros zone.
10:51 of 2nd period - Snap shot by Chris Terry.
10:51 of 2nd period - Shot Blocked by Joel Chouinard.
10:53 of 2nd period - Wrist shot by Chris Terry.
10:53 of 2nd period - Deflect By Jason Zucker.
10:53 of 2nd period - Shot Blocked by Patrick Wey.
10:53 of 2nd period - Puck is out of play.
10:54 of 2nd period - Andrew Gordon wins face-off versus Jordan Schroeder in Aeros zone.
11:57 of 2nd period - Corbin McPherson is hit by Patrick Wey and loses puck.
12:50 of 2nd period - Penalty to Colin Stuart is over, Colin Stuart is back on ice.
12:59 of 2nd period - Mark Pysyk is hit by Colin Stuart and loses puck.
13:06 of 2nd period - Joel Chouinard is hit by Aaron Volpatti and loses puck.
13:11 of 2nd period - Wrist shot by Scott Glennie.
13:11 of 2nd period - Stopped by Jason LaBarbera with a rebound.
13:39 of 2nd period - Snap shot by Cam Janssen.
13:39 of 2nd period - Stopped by Peter Mannino without a rebound.
13:40 of 2nd period - Landon Ferraro wins face-off versus Brodie Dupont in Wolves zone.
13:42 of 2nd period - Minor Penalty to Aaron Volpatti for Holding.
13:43 of 2nd period - Chris Terry wins face-off versus Brodie Dupont in Wolves zone.
13:58 of 2nd period - Snap shot by Yannick Weber.
13:58 of 2nd period - Shot Blocked by Jon Landry.
14:41 of 2nd period - Landon Ferraro is hit by Warren Peters and loses puck.
15:16 of 2nd period - Slapshot by Shane O'Brien.
15:16 of 2nd period - Shot Blocked by Yannick Weber.
15:18 of 2nd period - Wrist shot by Joel Chouinard.
15:18 of 2nd period - Stopped by Peter Mannino with a rebound.
15:20 of 2nd period - Wrist shot by Matthew Pistilli.
15:20 of 2nd period - Stopped by Peter Mannino with a rebound.
15:22 of 2nd period - Wrist shot by Matthew Pistilli.
15:22 of 2nd period - Stopped by Peter Mannino without a rebound.
15:23 of 2nd period - Landon Ferraro wins face-off versus Warren Peters in Wolves zone.
15:29 of 2nd period - Icing by Warren Peters.
15:30 of 2nd period - Warren Peters wins face-off versus Landon Ferraro in Aeros zone.
15:39 of 2nd period - Kent Huskins is hit by Andrew Gordon and loses puck.
15:42 of 2nd period - Penalty to Aaron Volpatti is over, Aaron Volpatti is back on ice.
16:54 of 2nd period - Wrist shot by Aaron Volpatti.
16:54 of 2nd period - Stopped by Jason LaBarbera with a rebound.
17:19 of 2nd period - Slapshot by Cam Janssen.
17:19 of 2nd period - Shot Misses the Net.
17:25 of 2nd period - Brodie Dupont is hit by Ben Hanowski and loses puck.
18:27 of 2nd period - Chris Terry is hit by Joel Chouinard and loses puck.
18:38 of 2nd period - Ilari Melart is hit by Chris Terry.
19:06 of 2nd period - Slapshot by Nicklas Jensen.
19:06 of 2nd period - Shot Misses the Net.
19:37 of 2nd period - Slapshot by Mark Pysyk.
19:37 of 2nd period - Shot Blocked by Cam Janssen.
19:55 of 2nd period - Craig Cunningham is hit by Aaron Volpatti.
19:59 of 2nd period - Backhand shot by Yannick Weber.
19:59 of 2nd period - Deflect By Craig Cunningham.
19:59 of 2nd period - Stopped by Jason LaBarbera with a rebound.
Goals for this period are 0 for Aeros vs 0 for Wolves.
Shots for this period are 4 for Aeros vs 10 for Wolves.

3rd period


0:01 of 3rd period - Warren Peters wins face-off versus Jordan Schroeder in neutral zone.
1:03 of 3rd period - Slapshot by Cam Janssen.
1:03 of 3rd period - Stopped by Peter Mannino with a rebound.
1:09 of 3rd period - Cam Janssen is hit by Jared Boll and loses puck.
1:46 of 3rd period - Slapshot by Yannick Weber.
1:46 of 3rd period - Deflect By Brodie Dupont.
1:46 of 3rd period - Stopped by Jason LaBarbera with a rebound.
1:48 of 3rd period - Snap shot by Scott Glennie.
1:48 of 3rd period - Stopped by Jason LaBarbera with a rebound.
1:50 of 3rd period - Snap shot by Landon Ferraro.
1:50 of 3rd period - Shot Blocked by Cam Janssen.
1:52 of 3rd period - Slapshot by Corbin McPherson.
1:52 of 3rd period - Deflect By Scott Glennie.
1:52 of 3rd period - Shot Blocked by Craig Cunningham.
1:52 of 3rd period - Puck is out of play.
1:53 of 3rd period - Chris Terry wins face-off versus Mike Ullrich in Aeros zone.
2:16 of 3rd period - Ben Hanowski is hit by Colin Stuart and loses puck.
2:45 of 3rd period - Michael Caruso is hit by Joel Chouinard.
2:53 of 3rd period - Wrist shot by Andrew Gordon.
2:53 of 3rd period - Stopped by Peter Mannino with a rebound.
3:15 of 3rd period - Snap shot by Jason Zucker.
3:15 of 3rd period - Deflect By Andrew Gordon.
3:15 of 3rd period - Stopped by Peter Mannino without a rebound.
3:16 of 3rd period - Jared Boll wins face-off versus Jason Zucker in Wolves zone.
3:27 of 3rd period - Snap shot by Jason Zucker.
3:27 of 3rd period - Shot Misses the Net.
3:29 of 3rd period - Snap shot by Andrew Gordon.
3:29 of 3rd period - Shot Misses the Net.
3:47 of 3rd period - Wrist shot by Jared Boll.
3:47 of 3rd period - Goal by Jared Boll - Aeros : 0 - Wolves : 2.
3:48 of 3rd period - Jordan Schroeder wins face-off versus Brodie Dupont in neutral zone.
3:51 of 3rd period - Craig Cunningham is hit by Mark Pysyk and loses puck.
4:18 of 3rd period - Wrist shot by Jordan Schroeder.
4:18 of 3rd period - Stopped by Jason LaBarbera with a rebound.
4:20 of 3rd period - Slapshot by Kent Huskins.
4:20 of 3rd period - Stopped by Jason LaBarbera with a rebound.
4:22 of 3rd period - Slapshot by Kent Huskins.
4:22 of 3rd period - Stopped by Jason LaBarbera with a rebound.
4:24 of 3rd period - Slapshot by Jordan Schroeder.
4:24 of 3rd period - Shot Blocked by Shane O'Brien.
4:40 of 3rd period - Mark Pysyk is hit by Shane O'Brien and loses puck.
4:53 of 3rd period - Snap shot by Matthew Pistilli.
4:53 of 3rd period - Stopped by Peter Mannino without a rebound.
4:54 of 3rd period - Landon Ferraro wins face-off versus Mike Ullrich in Wolves zone.
4:54 of 3rd period - Landon Ferraro is hit by Matthew Pistilli.
5:31 of 3rd period - Minor Penalty to Colin Stuart for Slashing.
5:32 of 3rd period - Andrew Gordon wins face-off versus Jordan Schroeder in Aeros zone.
5:44 of 3rd period - Snap shot by Jordan Schroeder.
5:44 of 3rd period - Shot Misses the Net.
7:06 of 3rd period - Jordan Schroeder is hit by Mike Ullrich and loses puck.
7:11 of 3rd period - Wrist shot by Craig Cunningham.
7:11 of 3rd period - Shot Blocked by Yannick Weber.
7:13 of 3rd period - Slapshot by Jon Landry.
7:13 of 3rd period - Deflect By Craig Cunningham.
7:13 of 3rd period - Shot Blocked by Yannick Weber.
7:13 of 3rd period - Puck is out of play.
7:14 of 3rd period - Jordan Schroeder wins face-off versus Craig Cunningham in Wolves zone.
7:31 of 3rd period - Penalty to Colin Stuart is over, Colin Stuart is back on ice.
8:29 of 3rd period - Snap shot by Ben Hanowski.
8:29 of 3rd period - Stopped by Jason LaBarbera with a rebound.
8:33 of 3rd period - Slapshot by Ben Hanowski.
8:33 of 3rd period - Shot Misses the Net.
8:35 of 3rd period - Slapshot by Corbin McPherson.
8:35 of 3rd period - Stopped by Jason LaBarbera with a rebound.
9:26 of 3rd period - Wrist shot by Cam Janssen.
9:26 of 3rd period - Shot Misses the Net.
9:28 of 3rd period - Wrist shot by Patrick Wey.
9:28 of 3rd period - Deflect By Cam Janssen.
9:28 of 3rd period - Stopped by Peter Mannino with a rebound.
9:30 of 3rd period - Slapshot by Brodie Dupont.
9:30 of 3rd period - Shot Misses the Net.
11:00 of 3rd period - Nicklas Jensen is hit by Cam Janssen.
11:24 of 3rd period - Wrist shot by Cam Janssen.
11:24 of 3rd period - Shot Misses the Net.
11:26 of 3rd period - Snap shot by Mike Ullrich.
11:26 of 3rd period - Shot Misses the Net.
11:28 of 3rd period - Wrist shot by Cam Janssen.
11:28 of 3rd period - Stopped by Peter Mannino with a rebound.
11:30 of 3rd period - Slapshot by Cam Janssen.
11:30 of 3rd period - Goal by Cam Janssen - Aeros : 1 - Wolves : 2.
11:31 of 3rd period - Landon Ferraro wins face-off versus Mike Ullrich in neutral zone.
11:38 of 3rd period - Slapshot by Mark Pysyk.
11:38 of 3rd period - Stopped by Jason LaBarbera without a rebound.
11:39 of 3rd period - Scott Glennie wins face-off versus Mike Ullrich in Aeros zone.
11:59 of 3rd period - Wrist shot by Cam Janssen.
11:59 of 3rd period - Stopped by Peter Mannino without a rebound.
12:00 of 3rd period - Matthew Pistilli wins face-off versus Jordan Schroeder in Wolves zone.
12:03 of 3rd period - Snap shot by Cam Janssen.
12:03 of 3rd period - Shot Blocked by Daniel Carcillo.
12:05 of 3rd period - Slapshot by Joel Chouinard.
12:05 of 3rd period - Shot Blocked by Jordan Schroeder.
12:07 of 3rd period - Wrist shot by Patrick Wey.
12:07 of 3rd period - Stopped by Peter Mannino with a rebound.
13:06 of 3rd period - Minor Penalty to Patrick Wey for Holding.
13:07 of 3rd period - Andrew Gordon wins face-off versus Jordan Schroeder in Aeros zone.
14:11 of 3rd period - Mike Ullrich is hit by Daniel Carcillo and loses puck.
14:58 of 3rd period - Slapshot by Jordan Schroeder.
14:58 of 3rd period - Shot Misses the Net.
15:02 of 3rd period - Slapshot by Yannick Weber.
15:02 of 3rd period - Deflect By Andrew Gordon.
15:02 of 3rd period - Stopped by Jason LaBarbera without a rebound.
15:03 of 3rd period - Andrew Gordon wins face-off versus Jordan Schroeder in Aeros zone.
15:06 of 3rd period - Penalty to Patrick Wey is over, Patrick Wey is back on ice.
15:21 of 3rd period - Slapshot by Mark Pysyk.
15:21 of 3rd period - Deflect By Shane O'Brien.
15:21 of 3rd period - Stopped by Jason LaBarbera without a rebound.
15:22 of 3rd period - Landon Ferraro wins face-off versus Brodie Dupont in Aeros zone.
15:23 of 3rd period - Slapshot by Mark Pysyk.
15:23 of 3rd period - Stopped by Jason LaBarbera without a rebound.
15:24 of 3rd period - Landon Ferraro wins face-off versus Brodie Dupont in Aeros zone.
17:20 of 3rd period - Icing by Chris Terry.
17:21 of 3rd period - Mike Ullrich wins face-off versus Jordan Schroeder in Wolves zone.
17:22 of 3rd period - Slapshot by Colin Stuart.
17:22 of 3rd period - Stopped by Peter Mannino with a rebound.
17:36 of 3rd period - Backhand shot by Mark Pysyk.
17:36 of 3rd period - Goal by Mark Pysyk - Aeros : 1 - Wolves : 3.
17:37 of 3rd period - Warren Peters wins face-off versus Landon Ferraro in neutral zone.
18:50 of 3rd period - Mike Ullrich is hit by Mark Pysyk and loses puck.
18:55 of 3rd period - Snap shot by Nicklas Jensen.
18:55 of 3rd period - Deflect By Cedric Paquette.
18:55 of 3rd period - Shot Blocked by Matthew Pistilli.
18:55 of 3rd period - Puck is out of play.
18:56 of 3rd period - Jordan Schroeder wins face-off versus Matthew Pistilli in Aeros zone.
18:57 of 3rd period - Snap shot by Daniel Carcillo.
18:57 of 3rd period - Shot Blocked by Jon Landry.
19:13 of 3rd period - Snap shot by Shane O'Brien.
19:13 of 3rd period - Shot Misses the Net.
19:25 of 3rd period - Wrist shot by Jason Zucker.
19:25 of 3rd period - Stopped by Peter Mannino with a rebound.
19:27 of 3rd period - Snap shot by Warren Peters.
19:27 of 3rd period - Shot Misses the Net.
19:29 of 3rd period - Slapshot by Bretton Stamler.
19:29 of 3rd period - Stopped by Peter Mannino with a rebound.
19:57 of 3rd period - Bretton Stamler is hit by Scott Glennie and loses puck.
Goals for this period are 1 for Aeros vs 2 for Wolves.
Shots for this period are 12 for Aeros vs 13 for Wolves.


Output by the SimonT Hockey Simulator (STHS) for Eric Dolegowski -- Original Page W3C XHTML 1.0 Valid
Hockey Simulator - Hockey Simulation - Hockey Manager